 Dungeon Crawl Stone Soup version 0.29.1 (webtiles) character file.

Game seed: 11516481345719901972

12770 qw the Severer (level 11, -5/153 HPs)
             Began as a Minotaur Berserker on Sept 13, 2022.
             Was an Elder of Trog.
             Slain by a boulder beetle (37 damage)
             ... on level 11 of the Dungeon.
             The game lasted 00:04:30 (13682 turns).

qw the Severer (Minotaur Berserker)                Turns: 13682, Time: 00:04:31

Health: -5/153     AC: 20    Str: 32    XL:     11   Next: 66%
Magic:  10/10      EV:  9    Int:  4    God:    Trog [****..]
Gold:   512        SH:  0    Dex: 10    Spells: 10/10 levels left

rFire   . . .      SeeInvis .   p - +2 flail (holy)
rCold   . . .      Faith    .   (no shield)
rNeg    . . .      Spirit   .   o - +0 plate armour
rPois   +          Reflect  .   (helmet restricted)
rElec   .          Harm     .   j - +1 cloak
rCorr   .          Rampage  .   m - +1 pair of gloves of Orthodoxy {rPois}
Will    .....                   q - +0 pair of boots
Stlth   ..........              (no amulet)
HPRegen 0.35/turn               i - +4 ring of protection
MPRegen 0.12/turn               b - +6 ring of strength

@: berserking, corroded, very quick
A: horns 2, retaliatory headbutt
a: Renounce Religion, Berserk, Trog's Hand, Brothers in Arms


You were on level 11 of the Dungeon.
You worshipped Trog.
Trog was greatly pleased with you.
You visited 1 branch of the dungeon, and saw 11 of its levels.

You collected 812 gold pieces.
You spent 300 gold pieces at shops.


Innate Abilities, Weirdness & Mutations

You have a pair of horns on your head.
You reflexively headbutt those who attack you in melee.


   Skills:
 - Level 11.0 Fighting
 - Level 16.0 Axes
 + Level 4.8 Throwing
 - Level 10.1 Armour
 - Level 4.2 Dodging


You had 10 spell levels left.
You didn't know any spells.
Your spell library was empty.

Inventory:

Hand Weapons
 p - a +2 flail of holy wrath (weapon)
 Y - a +4 war axe of freezing
Missiles
 h - a silver boomerang
 l - a javelin (quivered)
Armour
 c - a +2 kite shield
 j - a +1 cloak (worn)
 m - the +1 pair of gloves of Orthodoxy (worn) {rPois}
   (You acquired it on level 4 of the Dungeon)

   rPois:     It protects you from poison.
 o - a +0 plate armour (worn)
 q - a +0 pair of boots (worn)
Jewellery
 b - a +6 ring of strength (right hand)
 i - a +4 ring of protection (left hand)
Scrolls
 a - 7 scrolls of identify
 f - 2 scrolls of teleportation
Potions
 d - 2 potions of haste
 e - 5 potions of might
 g - 4 potions of curing
 n - 3 potions of mutation
 r - 3 potions of heal wounds
 s - a potion of resistance

Dungeon Overview and Level Annotations

Branches:
Dungeon (11/15)            Temple (0/1) D:5
   Lair: D:8-11         Orc: D:9-12

Altars:
Cheibriados
Dithmenos
Gozag
Kikubaaqudgha
Qazlal
Sif Muna
Uskayaw
Xom
The Shining One

Shops:
D:2 =   D:5 !   D:9 [   D:10 *

Portals:
Trove: D:10 (lose all piety)


Message History

The orc warrior is severely wounded.
The acid dragon bites you but does no damage.
The acid dragon barely misses you.
The orc warrior hits you with a +0 hand axe.
The orc warrior hits your black bear with a +0 hand axe.
The boulder beetle curls into a ball and begins rolling!
You barely miss the orc warrior. Your headbutt misses the orc warrior.
The orc warrior is severely wounded.
Your black bear barely misses the orc warrior. x2
Your black bear misses the orc warrior.
You thump the orc warrior!
You feel the power of Trog in you as your rage grows.
You kill the orc warrior!
Trog accepts your kill.
Your black bear bites the shadow but does no damage.
Your black bear claws the shadow but does no damage. x2
The shadow hits you.
The acid dragon bites you but does no damage.
The acid dragon claws you but does no damage.
You sock the shadow!
The shadow convulses!!
You destroy the shadow!
Trog accepts your kill.
You hear a shout!
You bludgeon the acid dragon!! You headbutt the acid dragon!
You feel the power of Trog in you as your rage grows.
You kill the acid dragon!
Trog accepts your kill. The yak barely misses you. You furiously retaliate!
You headbutt the yak!
Things that are here:
3 javelins; a silver javelin; a hydra corpse You thump the yak!
The yak is heavily wounded.
You sock the yak!
The yak is severely wounded.
The yak closely misses you.
Your black bear bites the yak.
Your black bear claws the yak. x2
The yak dies!
Trog accepts your kill. The boulder beetle hits you!!!
You die...

#### ### ...# #..
##..## #.#####.#
....## #.#.....#
##h.####.#.#####
#@(.....<......#
#..B###%#####.###.#
.....#. #..=
#.###.# .... ..
#.....#..)..### ..#
.#. #..#######.....
. ....
#.............# ##
.# ...#######.##.#
. .##......#.##.#
#........#


You could see a boulder beetle (rolling, ally target) and a friendly black bear
(summoned, berserk).

Vanquished Creatures
  2 boulder beetles (D:11)
  An ugly thing (D:7)
  An unseen horror (D:10)
  2 trolls (D:11)
  2 hornets
  2 vampires
  A wraith (D:10)
  2 shadows (D:11)
  A wyvern (D:9)
  11 yaks
  A steam dragon (D:7)
  A water moccasin (D:9)
  2 acid dragons
  4 orc warriors
  2 black bears (D:5)
  2 ice beasts
  3 sky beasts
  2 centaurs
  A phantom (D:7)
  Blork the orc (D:5)
  2 kobold brigands
  A gnoll sergeant (D:6)
  2 bullfrogs
  A necrophage (D:7)
  3 scorpions
  8 wights
  16 killer bees
  2 vampire bats (D:9)
  4 howler monkeys
  4 hounds
  5 orc priests
  3 gnoll boudas
  5 iguanas
  8 orc wizards
  A mummy (D:10)
  40 gnolls
  6 adders
  A shadow imp (D:5)
  An ufetubus (D:6)
  3 worms
  3 dart slugs
  33 orcs
  3 ball pythons
  8 bats
  3 bat skeletons (D:9)
  2 bat zombies (D:9)
  8 endoplasms
  9 giant cockroaches
  38 goblins
  25 hobgoblins
  7 jackals
  3 quokkas
  3 frilled lizards
  25 kobolds
  4 rats
334 creatures vanquished.

Vanquished Creatures (collateral kills)
  2 boulder beetles
  2 hydras (D:11)
  A yak (D:11)
5 creatures vanquished.

Vanquished Creatures (others)
  3 toadstools (D:2)
3 creatures vanquished.

Grand Total: 342 creatures vanquished

Notes
Turn   | Place    | Note
-------+----------+-------------------------------------------
     0 | D:1      | qw the Minotaur Berserker began the quest for the Orb.
     0 | D:1      | Reached XP level 1. HP: 19/19 MP: 0/0
     0 | D:1      | 0 ||| qw: Version: 0.1-a-119-g272c26d
     0 | D:1      | 0 ||| qw: Game counter: 11223
     0 | D:1      | 0 ||| qw: Always use a shield: true
     0 | D:1      | 0 ||| qw: Do Orc after D:15 true
     0 | D:1      | 0 ||| qw: Do second Lair branch before Depths: true
     0 | D:1      | 0 ||| qw: Lair rune preference: random
     0 | D:1      | 0 ||| qw: Plans: Normal
     0 | D:1      | 0 ||| PLANNING D:1-11
   146 | D:1      | Reached skill level 4 in Axes
   202 | D:1      | Reached XP level 2. HP: 26/26 MP: 1/1
   264 | D:1      | 264 ||| INVOKING Berserk.
   431 | D:1      | 431 ||| DROPPING +0 club.
   587 | D:1      | Found a faded altar of an unknown god.
   607 | D:1      | Reached skill level 5 in Axes
   655 | D:1      | Reached XP level 3. HP: 31/31 MP: 2/2
   963 | D:1      | 963 ||| UPGRADING to +0 leather armour.
   973 | D:1      | 973 ||| DROPPING +0 animal skin.
   974 | D:1      | 974 ||| UPGRADING to +4 ring of protection.
   975 | D:1      | 975 ||| READING scroll labelled PUCSUXE VULIA.
  1076 | D:1      | 1076 ||| READING scroll labelled GOOTEDGH HICKAILLAM.
  1077 | D:1      | 1077 ||| DRINKING 2 yellow potions.
  1178 | D:1      | 1178 ||| DROPPING potion of ambrosia.
  1292 | D:2      | 1292 ||| Stepping ~*~*~tactically~*~*~ (stealth).
  1304 | D:2      | 1304 ||| INVOKING Berserk.
  1315 | D:2      | 1315 ||| Stepping ~*~*~tactically~*~*~ (stealth).
  1353 | D:2      | 1353 ||| Stepping ~*~*~tactically~*~*~ (stealth).
  1360 | D:2      | Reached ** piety under Trog
  1408 | D:2      | Found Duinuu Xiytt's Jewellery Emporium.
  1418 | D:2      | 1418 ||| SHOPLISTING +6 ring of dexterity (468 gold, have
                  | 147).
  1418 | D:2      | 1418 ||| SHOPLISTING ring of Oxauqute {Ice rElec rCorr
                  | Str+8 Dex+3} (880 gold, have 147).
  1418 | D:2      | 1418 ||| SHOPLISTING ring of poison resistance (260 gold,
                  | have 147).
  1418 | D:2      | 1418 ||| SHOPLISTING ring of protection from fire (325
                  | gold, have 147).
  1418 | D:2      | 1418 ||| SHOPLISTING ring of see invisible (195 gold, have
                  | 147).
  1492 | D:2      | 1492 ||| FLEEEEING.
  1502 | D:2      | 1502 ||| FLEEEEING.
  1503 | D:2      | 1503 ||| FLEEEEING.
  1504 | D:2      | 1504 ||| FLEEEEING.
  1505 | D:2      | 1505 ||| FLEEEEING.
  1506 | D:2      | 1506 ||| FLEEEEING.
  1507 | D:2      | 1507 ||| FLEEEEING.
  1508 | D:2      | 1508 ||| FLEEEEING.
  1509 | D:2      | 1509 ||| STAIRDANCE
  1550 | D:1      | 1550 ||| READING scroll labelled PITUEB FURUENA.
  1555 | D:1      | 1555 ||| READING scroll labelled UCRIUT LOIX.
  1639 | D:2      | Reached XP level 4. HP: 36/39 MP: 3/3
  1671 | D:2      | Reached skill level 6 in Axes
  1689 | D:2      | 1689 ||| Stepping ~*~*~tactically~*~*~ (stealth).
  1690 | D:2      | 1690 ||| Stepping ~*~*~tactically~*~*~ (stealth).
  1697 | D:2      | 1697 ||| Stepping ~*~*~tactically~*~*~ (stealth).
  1698 | D:2      | 1698 ||| Stepping ~*~*~tactically~*~*~ (stealth).
  1749 | D:2      | 1749 ||| Stepping ~*~*~tactically~*~*~ (stealth).
  1750 | D:2      | 1750 ||| Stepping ~*~*~tactically~*~*~ (stealth).
  1751 | D:2      | 1751 ||| Stepping ~*~*~tactically~*~*~ (stealth).
  2100 | D:2      | 2100 ||| UPGRADING to +0 scale mail.
  2110 | D:2      | 2110 ||| DROPPING +0 leather armour.
  2111 | D:2      | 2111 ||| DROPPING ring of flight.
  2112 | D:2      | 2112 ||| READING scroll labelled WOPONGACLU.
  2200 | D:3      | 2200 ||| Stepping ~*~*~tactically~*~*~ (stealth).
  2733 | D:3      | 2733 ||| Stepping ~*~*~tactically~*~*~ (hiding).
  2769 | D:3      | 2769 ||| Stepping ~*~*~tactically~*~*~ (hiding).
  2770 | D:3      | 2770 ||| INVOKING Berserk.
  2773 | D:3      | Reached skill level 1 in Throwing
  2774 | D:3      | Reached XP level 5. HP: 45/45 MP: 4/4
  2896 | D:3      | 2896 ||| DROPPING +0 whip.
  2959 | D:3      | 2959 ||| INVOKING Berserk.
  2966 | D:3      | Reached skill level 7 in Axes
  3274 | D:3      | 3274 ||| UPGRADING to +0 chain mail.
  3284 | D:3      | 3284 ||| DROPPING +0 scale mail.
  3285 | D:3      | 3285 ||| READING scroll labelled UCVOTE USCHUOBI.
  3286 | D:3      | 3286 ||| READING scroll labelled JAUNEC XUOBB.
  3287 | D:3      | 3287 ||| DRINKING 2 inky potions.
  3577 | D:4      | Found a glowing golden altar of the Shining One.
  3644 | D:4      | Reached XP level 6. HP: 52/52 MP: 5/5
  3676 | D:4      | Reached *** piety under Trog
  3677 | D:4      | Reached skill level 8 in Axes
  3699 | D:4      | 3699 ||| Stepping ~*~*~tactically~*~*~ (stealth).
  3703 | D:4      | 3703 ||| Stepping ~*~*~tactically~*~*~ (stealth).
  3711 | D:4      | 3711 ||| INVOKING Berserk.
  3804 | D:4      | 3804 ||| Stepping ~*~*~tactically~*~*~ (stealth).
  3805 | D:4      | 3805 ||| Stepping ~*~*~tactically~*~*~ (stealth).
  3808 | D:4      | 3808 ||| Stepping ~*~*~tactically~*~*~ (stealth).
  3810 | D:4      | 3810 ||| INVOKING Berserk.
  4008 | D:4      | 4008 ||| Stepping ~*~*~tactically~*~*~ (stealth).
  4102 | D:4      | 4102 ||| INVOKING Berserk.
  4222 | D:4      | 4222 ||| Stepping ~*~*~tactically~*~*~ (stealth).
  4228 | D:4      | 4228 ||| INVOKING Berserk.
  4235 | D:4      | Reached skill level 9 in Axes
  4238 | D:4      | Reached XP level 7. HP: 59/59 MP: 6/6
  4643 | D:4      | 4643 ||| READING 2 scrolls labelled LOR WIUWOCK.
  4644 | D:4      | 4644 ||| READING scroll labelled IGIZERCH XOIQOSH.
  4644 | D:4      | Identified a scroll of acquirement
  4644 | D:4      | 4644 ||| ACQUIRING +1 pair of gloves of Orthodoxy {rPois}
  4644 | D:4      | Acquired the +1 pair of gloves of Orthodoxy {rPois}
  4646 | D:4      | 4646 ||| UPGRADING to +1 pair of gloves of Orthodoxy
                  | {rPois}.
  4669 | D:5      | Entered Level 5 of the Dungeon
  4669 | D:5      | Noticed Blork the orc
  4670 | D:5      | 4670 ||| Stepping ~*~*~tactically~*~*~ (hiding).
  4674 | D:5      | 4674 ||| INVOKING Berserk.
  4678 | D:5      | Killed Blork the orc
  4679 | D:5      | Reached skill level 3 in Armour
  4800 | D:5      | 4800 ||| Stepping ~*~*~tactically~*~*~ (hiding).
  4801 | D:5      | 4801 ||| Stepping ~*~*~tactically~*~*~ (hiding).
  4804 | D:5      | 4804 ||| Stepping ~*~*~tactically~*~*~ (hiding).
  4806 | D:5      | 4806 ||| Stepping ~*~*~tactically~*~*~ (hiding).
  4808 | D:5      | 4808 ||| Stepping ~*~*~tactically~*~*~ (stealth).
  4823 | D:5      | 4823 ||| INVOKING Berserk.
  5048 | D:5      | 5048 ||| Stepping ~*~*~tactically~*~*~ (hiding).
  5050 | D:5      | 5050 ||| INVOKING Berserk.
  5279 | D:5      | Found Joapur's Distillery.
  5285 | D:5      | 5285 ||| BUYING 2 potions of might (80 gold).
  5285 | D:5      | Bought 2 potions of might for 80 gold pieces
  5285 | D:5      | 5285 ||| BUYING potion of curing (30 gold).
  5285 | D:5      | Bought a potion of curing for 30 gold pieces
  5285 | D:5      | 5285 ||| BUYING potion of curing (30 gold).
  5285 | D:5      | Bought a potion of curing for 30 gold pieces
  5285 | D:5      | 5285 ||| BUYING potion of curing (30 gold).
  5285 | D:5      | Bought a potion of curing for 30 gold pieces
  5285 | D:5      | 5285 ||| BUYING potion of heal wounds (50 gold).
  5285 | D:5      | Bought a potion of heal wounds for 50 gold pieces
  5285 | D:5      | 5285 ||| BUYING potion of mutation (80 gold).
  5285 | D:5      | Bought a potion of mutation for 80 gold pieces
  5309 | D:5      | 5309 ||| INVOKING Berserk.
  5313 | D:5      | Reached skill level 10 in Axes
  5442 | D:5      | Found a staircase to the Ecumenical Temple.
  5542 | D:5      | 5542 ||| INVOKING Berserk.
  5546 | D:5      | Reached XP level 8. HP: 70/70 MP: 7/7
  5670 | D:5      | Reached skill level 6 in Fighting
  5785 | D:5      | 5785 ||| Stepping ~*~*~tactically~*~*~ (hiding).
  6010 | D:5      | 6010 ||| Stepping ~*~*~tactically~*~*~ (hiding).
  6085 | D:5      | Reached **** piety under Trog
  6108 | D:5      | 6108 ||| INVOKING Berserk.
  6223 | D:5      | 6223 ||| Stepping ~*~*~tactically~*~*~ (hiding).
  6271 | D:5      | 6271 ||| Stepping ~*~*~tactically~*~*~ (stealth).
  6330 | D:5      | Reached skill level 11 in Axes
  6951 | D:5      | 6951 ||| UPGRADING to +0 plate armour.
  6961 | D:5      | 6961 ||| DROPPING +0 chain mail.
  6962 | D:5      | 6962 ||| READING scroll labelled FEILOXOTUWA.
  6963 | D:5      | 6963 ||| READING 2 scrolls of identify.
  6963 | D:5      | 6963 ||| IDENTIFYING sedimented dark potion
  6964 | D:5      | 6964 ||| DROPPING potion of flight.
  7005 | D:6      | 7005 ||| INVOKING Berserk.
  7170 | D:6      | Reached skill level 3 in Throwing
  7179 | D:6      | 7179 ||| Stepping ~*~*~tactically~*~*~ (stealth).
  7180 | D:6      | 7180 ||| Stepping ~*~*~tactically~*~*~ (stealth).
  7181 | D:6      | 7181 ||| Stepping ~*~*~tactically~*~*~ (stealth).
  7183 | D:6      | 7183 ||| Stepping ~*~*~tactically~*~*~ (stealth).
  7194 | D:6      | 7194 ||| Stepping ~*~*~tactically~*~*~ (stealth).
  7207 | D:6      | 7207 ||| Stepping ~*~*~tactically~*~*~ (stealth).
  7209 | D:6      | 7209 ||| Stepping ~*~*~tactically~*~*~ (stealth).
  7256 | D:6      | 7256 ||| SWAPPING to +0 war axe.
  7257 | D:6      | 7257 ||| DROPPING +1 hand axe.
  7534 | D:6      | Reached skill level 12 in Axes
  7534 | D:6      | Reached XP level 9. HP: 75/75 MP: 8/8
  8429 | D:6      | 8429 ||| READING 3 scrolls of identify.
  8429 | D:6      | 8429 ||| IDENTIFYING fuming dark potion
  8430 | D:6      | 8430 ||| READING 2 scrolls of identify.
  8430 | D:6      | 8430 ||| IDENTIFYING orange potion
  8431 | D:6      | 8431 ||| DROPPING potion of berserk rage.
  8432 | D:6      | 8432 ||| DROPPING potion of degeneration.
  8563 | D:7      | Noticed a purple ugly thing
  8577 | D:7      | 8577 ||| INVOKING Berserk.
  8580 | D:7      | Killed a purple ugly thing
  8810 | D:7      | Reached skill level 6 in Armour
  9108 | D:7      | 9108 ||| INVOKING Berserk.
  9163 | D:7      | 9163 ||| Stepping ~*~*~tactically~*~*~ (stealth).
  9166 | D:7      | 9166 ||| Stepping ~*~*~tactically~*~*~ (stealth).
  9180 | D:7      | 9180 ||| INVOKING Berserk.
  9424 | D:7      | 9424 ||| INVOKING Berserk.
  9437 | D:7      | Reached ***** piety under Trog
  9440 | D:7      | 9440 ||| DRINKING 4 potions of curing.
  9440 | D:7      | 9440 ||| (to cure confusion)
  9549 | D:7      | 9549 ||| DROPPING +0 flail.
  9566 | D:7      | 9566 ||| UPGRADING to +0 cloak.
  9571 | D:7      | 9571 ||| READING 4 scrolls of identify.
  9571 | D:7      | 9571 ||| IDENTIFYING fuming black potion
  9572 | D:7      | 9572 ||| READING 3 scrolls of identify.
  9572 | D:7      | 9572 ||| IDENTIFYING fuming yellow potion
  9573 | D:7      | 9573 ||| READING 2 scrolls of identify.
  9573 | D:7      | 9573 ||| IDENTIFYING clear potion
  9574 | D:7      | 9574 ||| DROPPING potion of magic.
  9575 | D:7      | 9575 ||| DROPPING potion of brilliance.
  9640 | D:8      | Reached skill level 13 in Axes
  9680 | D:8      | 9680 ||| FLEEEEING.
  9681 | D:8      | 9681 ||| FLEEEEING.
  9682 | D:8      | 9682 ||| FLEEEEING.
  9683 | D:8      | 9683 ||| FLEEEEING.
  9684 | D:8      | 9684 ||| FLEEEEING.
  9685 | D:8      | 9685 ||| FLEEEEING.
  9686 | D:8      | 9686 ||| FLEEEEING.
  9687 | D:8      | 9687 ||| FLEEEEING.
  9689 | D:8      | 9689 ||| FLEEEEING.
  9757 | D:8      | 9757 ||| READING scroll labelled GAOLLI NAERU.
  9827 | D:8      | Found a hide-covered altar of Uskayaw.
  9841 | D:8      | Found an opulent altar of Gozag.
  9988 | D:8      | Reached XP level 10. HP: 73/89 MP: 9/9
  9988 | D:8      | 9988 ||| FLEEEEING.
  9989 | D:8      | 9989 ||| FLEEEEING.
  9990 | D:8      | 9990 ||| FLEEEEING.
  9991 | D:8      | 9991 ||| FLEEEEING.
  9992 | D:8      | 9992 ||| FLEEEEING.
  9993 | D:8      | 9993 ||| FLEEEEING.
  9994 | D:8      | 9994 ||| FLEEEEING.
  9995 | D:8      | 9995 ||| FLEEEEING.
  9996 | D:8      | 9996 ||| FLEEEEING.
  9997 | D:8      | 9997 ||| FLEEEEING.
  9998 | D:8      | 9998 ||| FLEEEEING.
  9999 | D:8      | 9999 ||| FLEEEEING.
 10000 | D:8      | 10000 ||| FLEEEEING.
 10001 | D:8      | 10001 ||| FLEEEEING.
 10002 | D:8      | 10002 ||| FLEEEEING.
 10003 | D:8      | 10003 ||| FLEEEEING.
 10004 | D:8      | 10004 ||| FLEEEEING.
 10005 | D:8      | 10005 ||| FLEEEEING.
 10006 | D:8      | 10006 ||| FLEEEEING.
 10007 | D:8      | 10007 ||| FLEEEEING.
 10008 | D:8      | 10008 ||| FLEEEEING.
 10009 | D:8      | 10009 ||| FLEEEEING.
 10010 | D:8      | 10010 ||| FLEEEEING.
 10011 | D:8      | 10011 ||| FLEEEEING.
 10012 | D:8      | 10012 ||| FLEEEEING.
 10013 | D:8      | 10013 ||| FLEEEEING.
 10014 | D:8      | 10014 ||| FLEEEEING.
 10015 | D:8      | 10015 ||| STAIRDANCE
 10055 | D:7      | 10055 ||| UPGRADING to +6 ring of strength.
 10064 | D:8      | Reached skill level 14 in Axes
 10070 | D:8      | 10070 ||| STAIRDANCE
 10155 | D:8      | 10155 ||| Stepping ~*~*~tactically~*~*~ (hiding).
 10160 | D:8      | Reached skill level 3 in Dodging
 10533 | D:8      | 10533 ||| Stepping ~*~*~tactically~*~*~ (stealth).
 10535 | D:8      | 10535 ||| Stepping ~*~*~tactically~*~*~ (stealth).
 10651 | D:8      | 10651 ||| SWAPPING to +4 war axe of freezing.
 10652 | D:8      | 10652 ||| DROPPING +0 war axe.
 10811 | D:8      | Found a shadowy altar of Dithmenos.
 10820 | D:8      | Found a shimmering blue altar of Sif Muna.
 10821 | D:8      | 10821 ||| READING 2 scrolls labelled QAIWNE CYDDEA.
 10822 | D:8      | 10822 ||| DROPPING scroll of poison.
 10861 | D:9      | 10861 ||| STAIRDANCE
 11069 | D:9      | Received a gift from Trog
 11084 | D:9      | Found an ancient bone altar of Kikubaaqudgha.
 11126 | D:9      | Found Tagoiwk's Antique Armour Emporium.
 11158 | D:9      | 11158 ||| Stepping ~*~*~tactically~*~*~ (hiding).
 11161 | D:9      | 11161 ||| Stepping ~*~*~tactically~*~*~ (hiding).
 11169 | D:9      | 11169 ||| INVOKING Berserk.
 11173 | D:9      | Reached skill level 15 in Axes
 11364 | D:9      | 11364 ||| SHOPLISTING runed plate armour (754 gold, have
                  | 400).
 11446 | D:9      | Noticed a boulder beetle
 11447 | D:9      | 11447 ||| INVOKING Brothers in Arms.
 11449 | D:9      | 11449 ||| INVOKING Berserk.
 11451 | D:9      | Killed a boulder beetle
 11452 | D:9      | Reached skill level 9 in Fighting
 11579 | D:9      | 11579 ||| FLEEEEING.
 11580 | D:9      | 11580 ||| FLEEEEING.
 11581 | D:9      | 11581 ||| FLEEEEING.
 11582 | D:9      | 11582 ||| FLEEEEING.
 11584 | D:9      | 11584 ||| FLEEEEING.
 11585 | D:9      | 11585 ||| FLEEEEING.
 11586 | D:9      | 11586 ||| FLEEEEING.
 11588 | D:9      | 11588 ||| FLEEEEING.
 11589 | D:9      | 11589 ||| FLEEEEING.
 11590 | D:9      | 11590 ||| FLEEEEING.
 11591 | D:9      | 11591 ||| FLEEEEING.
 11592 | D:9      | 11592 ||| FLEEEEING.
 11593 | D:9      | 11593 ||| FLEEEEING.
 11594 | D:9      | 11594 ||| FLEEEEING.
 11595 | D:9      | 11595 ||| FLEEEEING.
 11596 | D:9      | 11596 ||| FLEEEEING.
 11597 | D:9      | 11597 ||| FLEEEEING.
 11598 | D:9      | 11598 ||| FLEEEEING.
 11599 | D:9      | 11599 ||| FLEEEEING.
 11600 | D:9      | 11600 ||| FLEEEEING.
 11601 | D:9      | 11601 ||| FLEEEEING.
 11602 | D:9      | 11602 ||| FLEEEEING.
 11603 | D:9      | 11603 ||| STAIRDANCE
 11643 | D:9      | 11643 ||| STAIRDANCE
 11706 | D:9      | 11706 ||| INVOKING Berserk.
 11978 | D:10     | Entered Level 10 of the Dungeon
 12056 | D:10     | Found a portal to a secret trove of treasure.
 12180 | D:10     | Found Cisk's Island Escapes.
 12326 | D:10     | Reached XP level 11. HP: 97/97 MP: 10/10
 12327 | D:10     | 12327 ||| READING scroll of enchant armour.
 12327 | D:10     | 12327 ||| ENCHANTING +0 cloak.
 12378 | D:10     | Found a snail-covered altar of Cheibriados.
 12410 | D:10     | Found a stormy altar of Qazlal.
 12410 | D:10     | Found a shimmering altar of Xom.
 12535 | D:10     | Reached skill level 16 in Axes
 12771 | D:10     | 12771 ||| UPGRADING to +0 pair of boots.
 12776 | D:10     | 12776 ||| READING scroll labelled JUIRACK COASEA.
 12797 | D:11     | 12797 ||| Stepping ~*~*~tactically~*~*~ (hiding).
 12912 | D:11     | 12912 ||| INVOKING Berserk.
 13061 | D:11     | Noticed a boulder beetle
 13062 | D:11     | 13062 ||| Stepping ~*~*~tactically~*~*~ (stealth).
 13068 | D:11     | Paralysed by a hornet for 1 turns
 13072 | D:11     | Noticed a boulder beetle
 13073 | D:11     | 13073 ||| INVOKING Brothers in Arms.
 13074 | D:11     | 13074 ||| INVOKING Berserk.
 13078 | D:11     | Killed a boulder beetle
 13079 | D:11     | Reached skill level 9 in Armour
 13096 | D:11     | Noticed a boulder beetle
 13103 | D:11     | Killed a boulder beetle
 13109 | D:11     | HP: 17/101 [boulder beetle (10)]
 13110 | D:11     | 13110 ||| READING 3 scrolls of teleportation.
 13111 | D:11     | 13111 ||| DRINKING 4 potions of heal wounds.
 13316 | D:11     | 13316 ||| Stepping ~*~*~tactically~*~*~ (stealth).
 13404 | D:11     | Found the +4 robe of Folly {Brilliance Will-∞ Int+8}
 13411 | D:11     | 13411 ||| INVOKING Berserk.
 13415 | D:11     | Killed a boulder beetle
 13660 | D:11     | Noticed a six-headed hydra
 13660 | D:11     | Noticed a four-headed hydra
 13660 | D:11     | Noticed a boulder beetle
 13661 | D:11     | 13661 ||| INVOKING Brothers in Arms.
 13662 | D:11     | 13662 ||| SWAPPING to +2 flail of holy wrath.
 13663 | D:11     | 13663 ||| INVOKING Berserk.
 13664 | D:11     | Killed a six-headed hydra
 13670 | D:11     | HP: 37/151 [four-headed hydra (8)]
 13671 | D:11     | Killed a four-headed hydra
 13682 | D:11     | Slain by a boulder beetle

Levels and vault maps discovered:
D:1:      dpeg_arrival_rooms_a, layout_basic, shapermc_ecumenical_altar_pompeii,
          minmay_pentomino_t4
D:2:      layout_rooms, serial_shops, shop_coins, minmay_gold_behind_fungi
D:3:      layout_loops_corners, minmay_box_of_dots
D:4:      layout_cave_pods, lemuel_crystal_altar
D:5:      minmay_goblin_kobold_castle, layout_loops_cross,
          minmay_temple_entry_junction, serial_shops, shop,
          guppyfry_early_orc_mine, uniq_blork_the_orc
D:6:      layout_layer_cave
D:7:      layout_rooms, minmay_three_doors
D:8:      layout_basic, grunt_temple_overflow_open, mainiacjoe_overflow_swirl,
          hangedman_glass_teeth
D:9:      layout_small_grid, kennysheep_vampire_church, serial_shops,
          nicolae_shop_waterfront
D:10:     layout_irregular_city, nicolae_overflow_two_pavilions, slow_altar_1,
          nicolae_trove_entry_isolated, nicolae_island_escapes
D:11:     layout_basic, erik_lair_dragon, st_stairs_9, minmay_ruined_shrine

Skill      XL: |  1  2  3  4  5  6  7  8  9 10 11 |
---------------+----------------------------------+-----
Axes           | 4 5 6 7 9 10 12 13 15 16 | 16.0
Throwing       | 1 2 3 4 |  4.8
Fighting       | 4 5 6 8 9 11 | 11.0
Armour         | 3 5 7 8 10 | 10.1
Dodging        | 3 4 |  4.2

Action                   |  1- 3 |  4- 6 |  7- 9 | 10-12 || total
-------------------------+-------+-------+-------+-------++-------
Melee: Hand axe          |    90 |   130 |   224 |       ||   444
       Headbutt          |    12 |    27 |    52 |    40 ||   131
       Punch             |     1 |     1 |     8 |     5 ||    15
       War axe           |       |       |   123 |   188 ||   311
       Flail             |       |       |       |    17 ||    17
Throw: Boomerang         |     2 |       |    22 |       ||    24
       Javelin           |       |    32 |    38 |    42 ||   112
Invok: Berserk           |     2 |     6 |    11 |     7 ||    26
       Brothers in Arms  |       |       |       |     3 ||     3
  Use: Scroll            |     4 |     3 |    10 |     4 ||    21
       Potion            |     1 |     1 |     1 |     1 ||     4
Armor: Animal skin       |     8 |       |       |       ||     8
       Leather armour    |     7 |    13 |       |       ||    20
       Scale mail        |       |    17 |       |       ||    17
       Chain mail        |       |    14 |   115 |       ||   129
       Plate armour      |       |       |    85 |   121 ||   206
Dodge: Dodged            |    51 |    55 |   118 |    85 ||   309

Table legend:
 A = Non-vault XP
 B = Vault XP
 C = Vault XP percentage of total XP
 D = Non-vault monster count
 E = Vault monster count
 F = Vault count percentage of total count
                 A         B        C        D         E       F
            +---------+---------+-------+---------+---------+-------
      Total |   12691 |    5552 |  30.4 |     244 |      95 |  28.0
            +---------+---------+-------+---------+---------+-------
        D:1 |      45 |       7 |  13.5 |      23 |       4 |  14.8
        D:2 |      67 |       0 |   0.0 |      28 |       0 |   0.0
        D:3 |     130 |      19 |  12.8 |      22 |       4 |  15.4
        D:4 |     466 |       0 |   0.0 |      30 |       0 |   0.0
        D:5 |     723 |     552 |  43.3 |      16 |      69 |  81.2
        D:6 |     974 |       0 |   0.0 |      23 |       0 |   0.0
        D:7 |     675 |     820 |  54.8 |      20 |       3 |  13.0
        D:8 |    2708 |       0 |   0.0 |      33 |       0 |   0.0
        D:9 |    1940 |     120 |   5.8 |      24 |       7 |  22.6
       D:10 |    2753 |      18 |   0.6 |      18 |       1 |   5.3
       D:11 |    2210 |    4016 |  64.5 |       7 |       7 |  50.0
            +---------+---------+-------+---------+---------+-------
